 Dungeon Crawl Stone Soup version 0.28-a0-834-g1a73be5ee4 (webtiles) character file.

Game seed: 17779991910642470421

556 vurker the Gusty (level 7, 31/31 HPs)
             Began as a Felid Air Elementalist on Nov 11, 2021.
             Quit the game on level 5 of the Dungeon.
             The game lasted 00:08:03 (6817 turns).

vurker the Gusty (Felid Air Elementalist)           Turns: 6817, Time: 00:08:03

Health: 31/31      AC:  2    Str:  4    XL:     7   Next: 8%
Magic:  15/15      EV: 17    Int: 18    God:
Gold:   111        SH:  0    Dex: 17    Spells: 7/16 levels left
                                        Lives:  1   Deaths: 1

rFire   . . .      SeeInvis +   (weapon unavailable)
rCold   . . .      Faith    .   (shield unavailable)
rNeg    . . .      Spirit   .   (armour unavailable)
rPois   .          Reflect  .   (helmet unavailable)
rElec   .          Harm     .   (cloak unavailable)
rCorr   .          Rampage  .   (gloves unavailable)
Will    +....                   (boots unavailable)
Stlth   ++........              (no amulet)
HPRegen 0.10/turn               (no ring)
MPRegen 0.14/turn               (no ring)

@: quick
A: very small, claws 1, fangs 3, see invisible, speed 1, shaggy fur 2, stealthy
paws, no weapons or thrown items, no armour, multi-lived
a: no special abilities


You were on level 5 of the Dungeon.
You visited 1 branch of the dungeon, and saw 5 of its levels.

You collected 111 gold pieces.

Inventory:

Wands
 g - a wand of mindburst (8)
   (You found it on level 2 of the Dungeon)
 v - a wand of digging (1)
   (You took it off Dowan on level 4 of the Dungeon)
Scrolls
 d - 2 scrolls of identify
 f - a scroll of noise {unknown}
 i - 2 scrolls of amnesia {unknown}
 j - 3 scrolls of enchant armour {unknown}
 k - a scroll of brand weapon {unknown}
 o - a scroll of magic mapping {unknown}
Potions
 a - a potion of curing {unknown}
 b - 2 potions of degeneration
 e - a potion of magic {unknown}
 h - a potion of flight {unknown}
 l - a potion of haste
 m - a potion of heal wounds {unknown}
 n - a potion of ambrosia {unknown}


   Skills:
 + Level 3.4 Fighting
 - Level 2.6 Dodging
 - Level 2.6 Stealth
 * Level 5.1 Spellcasting
 - Level 3.0 Conjurations
 * Level 5.4 Air Magic
 + Level 2.5 Poison Magic


You had 7 spell levels left.
You knew the following spells:

 Your Spells              Type           Power      Damage    Failure   Level
a - Shock                 Conj/Air       76%        1d7       2%          1
c - Airstrike             Air            12%        N/A       14%         4
q - Olgreb's Toxic Radia  Pois           13%        N/A       41%         4

Your spell library contained the following spells:

 Spells                   Type           Power      Damage    Failure   Level
 Poisonous Vapours        Pois/Air       38%        N/A       3%          2
 Static Discharge         Conj/Air       19%        N/A       3%          2
 Swiftness                Air            24%        N/A       4%          3
 Sting                    Tmut/Pois      36%        1d4       8%          1


Dungeon Overview and Level Annotations

Branches:
Dungeon (5/15)
 Temple: D:4-7

Altars:
Elyvilon
Gozag
Makhleb
Nemelex Xobeh
Wu Jian
Xom
The Shining One
Beogh

Annotations:
D:3 3 runed translucent doors, Ska's ghost, amateur DjIE
D:4 exclusion: sky beast


Innate Abilities, Weirdness & Mutations

You have sharp claws.
You have razor-sharp teeth.
You have supernaturally acute eyesight. (SInv)
You cover ground quickly. (Speed+)
You are covered in thick fur. (AC +2)
Your paws help you pounce on unaware monsters.
You are incapable of wielding weapons or throwing items.
You cannot wear armour.
You gain extra lives every three experience levels.


Message History

Found 2 fizzy black potions.
Found an escape hatch in the ceiling.
There is a stone staircase leading up here.
The zap misses the ufetubus.
The zap hits the orc.
The orc shouts!
The zap hits the orc.
You kill the orc!
The gnoll shaman shouts!
The ufetubus closely misses you. The ufetubus barely misses you.
The ufetubus hits you. The ufetubus barely misses you.
A gnoll shaman comes into view. It is wielding a +0 whip.
The zap hits the ufetubus.
The gnoll shaman shouts!
The ufetubus completely misses you. The ufetubus misses you.
The gnoll hits you from afar with a +0 halberd!
The ufetubus barely misses you. The ufetubus hits you.
A gnoll comes into view. It is wielding a +0 spear.
The gnoll shouts!
The ufetubus misses you. The ufetubus hits you.
A hound comes into view.
An orc comes into view. It is wielding a +0 war axe.
The orc priest shouts!
The orc shouts!
The ufetubus closely misses you. x2
The orc priest invokes the aid of Beogh against you.
Beogh smites you!
* * * LOW HITPOINT WARNING * * *
The orc shouts!
As you read the scroll labelled KIUXASS CICLU, it crumbles to dust.
It is a scroll of identify.
b - 2 potions of degeneration The ufetubus hits you.
* * * LOW HITPOINT WARNING * * *
The ufetubus misses you.
The gnoll hits you from afar with a +0 spear.
* * * LOW HITPOINT WARNING * * *
It was a potion of cancellation.
You feel magically purged. The ufetubus completely misses you.
The ufetubus closely misses you. The orc completely misses you.
The gnoll hits you but does no damage.
The ufetubus misses you. x2; The gnoll shaman misses you.
Aim: a gnoll shaman, wielding a +0 whip and wearing a +0 robe (75% to hit)
The zap hits the gnoll shaman.
The zap hits the gnoll. x2; The orc misses you.
The ufetubus misses you. The ufetubus completely misses you.
The gnoll hits you from afar with a +0 spear.
You die...
The orc priest hits you with a +0 flail!
The gnoll shaman hits you with a +0 whip!
You are now level 7!
You rejoin the land of the living...
Found a robe.
Unknown command.
Unknown command.

..............
.......o....o.
...#...#...#.
#.#...#.#.. #...#...#...
# #..............
##.######....#...#...#.
#...........#.#...#[#..
#.....@....#s..#...#...
....[...................
##............#...#...#.
#...........#.#.. .#..
..####.###..#...# #... .
#. ...... ....... #.
...# ..#...#. ## ..#.
..#.#.. #...# ..


There were no monsters in sight!

Vanquished Creatures
  An unseen horror (D:5)
  A yak (D:4)
  Duvessa (D:4)
  A black bear (D:4)
  An ogre (D:5)
  2 phantoms (D:5)
  Dowan (D:4)
  Jessica (D:3)
  An orc wizard (D:2)
  Robin (D:4)
  A gnoll (D:1)
  2 adders
  A shadow imp (D:5)
  An ufetubus (D:5)
  2 worms
  4 dart slugs
  6 orcs
  4 bats (D:2)
  6 endoplasms
  12 goblins
  8 hobgoblins
  4 kobolds
  2 quokkas
  4 ball pythons
  7 frilled lizards
  3 rats
78 creatures vanquished.

Notes
Turn   | Place    | Note
-------+----------+-------------------------------------------
     0 | D:1      | vurker the Felid Air Elementalist began the quest for the
                  | Orb.
     0 | D:1      | Reached XP level 1. HP: 7/7 MP: 4/4
   271 | D:1      | Reached skill level 1 in Conjurations
   646 | D:1      | Reached XP level 2. HP: 12/12 MP: 4/6
  1383 | D:2      | Reached XP level 3. HP: 15/15 MP: 3/7
  1617 | D:2      | Reached skill level 1 in Fighting
  1912 | D:2      | Reached XP level 4. HP: 13/19 MP: 3/9
  2343 | D:2      | Found a faded altar of an unknown god.
  2785 | D:2      | You fall into a shaft and drop 2 floors!
  3102 | D:3      | Learned a level 4 spell: Olgreb's Toxic Radiance
  3107 | D:3      | Learned a level 4 spell: Airstrike
  3389 | D:3      | Found a glowing golden altar of the Shining One.
  3663 | D:3      | Noticed Jessica
  3666 | D:3      | Killed Jessica
  3982 | D:3      | Found a runed translucent gate.
  3982 | D:3      | Found a runed translucent gate.
  3983 | D:3      | Found a runed translucent gate.
  3985 | D:3      | Noticed Ska's ghost (amateur DjIE)
  3988 | D:3      | Identified the +6 dagger "Ponis" {vamp, Contam Str+4 Int+3}
  4338 | D:4      | Noticed a black bear
  4352 | D:4      | Killed a black bear
  4353 | D:4      | Reached XP level 5. HP: 22/22 MP: 3/11
  4456 | D:4      | Found an opulent altar of Gozag.
  4459 | D:4      | Found an ornate altar of the Wu Jian Council.
  4462 | D:4      | Found a burning altar of Makhleb.
  4465 | D:4      | Found a shimmering altar of Xom.
  4525 | D:4      | Found a white marble altar of Elyvilon.
  4534 | D:4      | Noticed Robin
  4608 | D:4      | Killed Robin
  4609 | D:4      | Reached skill level 1 in Poison Magic
  5024 | D:4      | Noticed a sky beast
  5131 | D:4      | Noticed Duvessa
  5131 | D:4      | Noticed Dowan
  5282 | D:4      | Found a sparkling altar of Nemelex Xobeh.
  5418 | D:4      | Killed Duvessa
  5419 | D:4      | Gained mutation: You are covered in thick fur. (AC +2)
                  | [Felid growth]
  5419 | D:4      | Reached XP level 6. HP: 9/26 MP: 3/12
  5646 | D:4      | Killed Dowan
  5933 | D:5      | Entered Level 5 of the Dungeon
  6023 | D:5      | Noticed a yak
  6069 | D:4      | Killed a yak
  6070 | D:4      | Reached XP level 7. HP: 22/30 MP: 5/14
  6317 | D:5      | Identified the +1 robe of Resourcefulness {Regen+ MP+9
                  | Int-4 Dex+4 Archmagi}
  6321 | D:5      | Noticed an unseen horror
  6375 | D:5      | Killed an unseen horror
  6376 | D:5      | Reached skill level 5 in Spellcasting
  6376 | D:5      | Reached skill level 5 in Air Magic
  6376 | D:5      | Reached XP level 8. HP: 33/34 MP: 8/16
  6473 | D:5      | HP: 1/34 [adder (4)]
  6816 | D:5      | Slain by a gnoll
  6817 | D:5      | Reached XP level 7. HP: -2/31 MP: 14/15
  6817 | D:5      | Quit the game

Illustrated notes

Levels and vault maps discovered:
D:1:      dpeg_arrival_rooms_with_view, layout_loops_ring,
          kennysheep_small_spiral, minivault_23, amcnicky_mini_pool_small,
          nrook_uturn
D:2:      layout_basic, hellmonk_ecumenical_altar_arch_garden, minmay_circled_x
D:3:      layout_loops_ring, marbit_many_paths, biasface_ghost_orc_armoury,
          uniq_jessica
D:4:      layout_loops_corners, nicolae_elyvilon_peaceful_grove,
          grunt_temple_overflow_cloverleaf, kennysheep_mini_moat, uniq_duvessa,
          uniq_robin
D:5:      cheibrodos_fzero, layout_rooms, grunt_temple_overflow_magic_moments,
          serial_shops, shop

Skill      XL: |  1  2  3  4  5  6  7 |
---------------+----------------------+-----
Conjurations   | 1 2 3 |  3.0
Air Magic      | 3 4 5 |  5.4
Fighting       | 1 2 3 |  3.4
Spellcasting   | 3 4 5 |  5.1
Poison Magic   | 1 2 |  2.5
Dodging        | |  2.6
Stealth        | |  2.6

Action                   |  1- 3 |  4- 6 |  7- 9 || total
-------------------------+-------+-------+-------++-------
Melee: Unarmed           |     2 |    11 |       ||    13
       Bite              |       |     1 |       ||     1
 Cast: Shock             |    73 |   161 |    42 ||   276
Evoke: Wand              |       |       |     3 ||     3
  Use: Potion            |       |       |     2 ||     2
       Scroll            |       |       |     1 ||     1
Armor: Skin              |     2 |     3 |     2 ||     7
Dodge: Dodged            |     7 |    27 |    37 ||    71

Table legend: (Time is in decaauts)
 A = Elapsed time spent in this place.
 B = Non-inter-level travel time spent in this place.
 C = Inter-level travel time spent in this place.
 D = Time resting spent in this place.
 E = Time spent auto-exploring this place.
 F = Levels seen in this place.
 G = Mean time per level.
                   A        B        C        D        E       F      G
               +--------+--------+--------+--------+--------+-----+--------+
         Total |   6127 |   5945 |    182 |    512 |   4651 |   5 | 1225.4 |
       Dungeon |   6127 |   5945 |    182 |    512 |   4651 |   5 | 1225.4 |
               +--------+--------+--------+--------+--------+-----+--------+

Top non-repeatable levels by time:
     D:4: 1655 daAuts
     D:3: 1496 daAuts
     D:2: 1292 daAuts
     D:1: 1275 daAuts
     D:5: 408 daAuts
